 Dungeon Crawl Stone Soup version 0.19.5-1-g796a6487f8 (webtiles) character file.

5094 hurricos the Thaumaturge (level 10, -7/55 HPs)
             Began as a Deep Elf Conjurer on July 2, 2018.
             Was a Follower of Makhleb.
             Mangled by a hornet (12 damage)
             ... on level 8 of the Dungeon on Oct 9, 2020.
             The game lasted 00:29:48 (8318 turns).

hurricos the Thaumaturge (Deep Elf Conjurer)        Turns: 8318, Time: 00:29:49

Health: -7/55      AC:  9    Str:  5    XL:     10   Next: 32%
Magic:  25/26      EV: 16    Int: 24    God:    Makhleb [*.....]
Gold:   400        SH:  0    Dex: 15    Spells: 5 memorised, 20 levels left

rFire  + . .     SeeInvis .     u - staff of fire (curse)
rCold  . . .     Gourm    .     p - +2 robe {MR+}
rNeg   . . .     Faith    .     (no shield)
rPois  .         Spirit   .     (no helmet)
rElec  +         Reflect  .     o - +2 cloak
rCorr  .         Harm     .     E - +0 pair of gloves
MR     +++..     Rnd*Tele +     (no boots)
Stlth  ++........               j - amulet of magic regeneration
                                K - ring of protection from magic
                                G - ring of teleportation

@: regenerating, slowed, very slow
A: low mp 1, mutation resistance 1, robust 1, shaggy fur 1, electricity
resistance
a: Renounce Religion


You were on level 8 of the Dungeon.
You worshipped Makhleb.
Makhleb was aware of your devotion.
You were not hungry.

You visited 2 branches of the dungeon, and saw 11 of its levels.

You collected 400 gold pieces.

Inventory:

Hand Weapons
 a - a +0 short sword
 h - a +0 quarterstaff of protection
 q - a +1 war axe
 r - a +1 vampiric short sword
 s - a +1 hand axe of flaming
 z - a +1 dire flail of protection
 H - a +0 great sword of protection
Missiles
 l - a throwing net (quivered)
Armour
 e - a +1 robe of cold resistance
 n - a +1 robe
 o - a +2 cloak (worn)
 p - a +2 robe of magic resistance (worn)
 E - a +0 pair of gloves (worn)
Magical Staves
 u - a cursed staff of fire (weapon)
Jewellery
 j - an amulet of magic regeneration (around neck)
 A - an uncursed amulet of guardian spirit
 G - a ring of teleportation (left hand)
 K - a ring of protection from magic (right hand)
Wands
 B - a wand of confusion (27/48)
 F - a wand of iceblast (4/15)
 J - a wand of acid (5/15)
 L - a wand of acid (9/15)
 M - a wand of paralysis (4/24)
 O - a wand of flame (34/48)
 Q - a wand of iceblast (4/15)
Scrolls
 c - a scroll of enchant armour
 d - 5 scrolls of teleportation
 P - a scroll of amnesia
Potions
 g - 2 potions of mutation {unknown}
 i - a potion of haste {unknown}
 t - a potion of lignification {unknown}
 x - 3 potions of heal wounds {unknown}
 C - 2 potions of resistance {unknown}
 I - a potion of agility
 N - a potion of flight {unknown}
Books
 b - a book of Conjurations

   Spells                             Type                      Level
   a - Magic Dart                     Conjuration                  1
   b - Searing Ray                    Conjuration                  2
   c - Dazzling Spray                 Conjuration/Hexes            3
   d - Fulminant Prism                Conjuration/Hexes            4
   e - Iskenderun's Mystic Blast      Conjuration                  4
   f - Iskenderun's Battlesphere      Conjuration/Charms           5
 y - a book of Necromancy

   Spells                             Type                      Level
   a - Pain                           Necromancy                   1
   b - Animate Skeleton               Necromancy                   1
   c - Vampiric Draining              Necromancy                   3
   d - Regeneration                   Charms/Necromancy            3
   e - Animate Dead                   Necromancy                   4
   f - Control Undead                 Necromancy                   4
Comestibles
 f - 2 bread rations
 m - 2 meat rations
 v - 2 fruits
 w - a royal jelly


   Skills:
 + Level 6.2 Dodging
 - Level 2.4 Stealth
 + Level 13.3 Spellcasting
 + Level 7.9 Conjurations
 * Level 4.3 Hexes
 - Level 9.9 Charms
 + Level 2.3 Invocations


You had 20 spell levels left.
You knew the following spells:

 Your Spells              Type           Power        Failure   Level  Hunger
a - Magic Dart            Conj           ####         1%          1    None
b - Searing Ray           Conj           ######       1%          2    None
f - Regeneration          Chrm/Necr      #####.....   1%          3    None
j - Iskenderun's Battles  Conj/Chrm      ######..     2%          5    ###....
F - Fulminant Prism       Conj/Hex       #####.....   3%          4    None


Dungeon Overview and Level Annotations

Branches:
Dungeon (10/15)            Temple (1/1) D:7            Lair (0/6) D:8
    Orc: D:9-12

Altars:
Ashenzari
Cheibriados
Dithmenos
Elyvilon
Fedhas
Gozag
Kikubaaqudgha
Makhleb
Ru
Sif Muna
Trog
Zin
The Shining One


Innate Abilities, Weirdness & Mutations

Your magical capacity is low. (-10% MP)
You are somewhat resistant to further mutation.
You are robust. (+10% HP)
You are covered in fur. (AC +1)
You are resistant to electric shocks. (rElec)


Message History

Your orc's corpse dissolves into shadows!
Your quokka misses the hornet.
Your quokka closely misses the hornet.
You can move again.
Unknown command.
Unknown command.
Okay, then.
Evoke which item? (* to show all) (? for menu, Esc to quit)
Zapping:
M - a wand of paralysis (will waste charges)
Press: ? - help, Shift-Dir - straight line, f - hornet
Aim: a hornet (lightly wounded, chance to defeat MR: 37%)
The hornet easily resists.
Evoking this partially-identified wand wasted a few charges.
The hornet barely misses you.
Your quokka completely misses the soldier ant.
Your orc hits the hornet but does no damage.
Your quokka bites the hornet.
The hornet misses you.
Your orc barely misses the hornet.
Your orc misses the hornet.
Your quokka closely misses the soldier ant.
Your quokka misses the hornet. The hornet stings you!
You die...

.............#...#
##......###
.............#..##
#........#
##...........####a#
#....###.#
#..........## ##.#
#....# #.†
#..........# #.#y##
#....# ###
#..........######.#.#
######
#####..........# #.##
##########.###a###
#.@yr#..# ##oor..##
#######


You could see a soldier ant, a hornet, 2 friendly orcs and 2 friendly quokkas.

Vanquished Creatures
  Pikel (D:6)
  The ghost of PeterLawrence the Cudgeler, an amateur MiFi (D:4)
  A two-headed ogre (D:8)
  2 hippogriffs (D:8)
  Eustachio (D:5)
  A yak (D:8)
  2 hungry ghosts (D:7)
  Menkaure (D:6)
  A water moccasin (D:8)
  3 orc warriors
  5 ogres
  2 phantoms
  A sky beast (D:8)
  An ice beast (D:7)
  3 centaurs
  6 big kobolds
  Blork the orc (D:6)
  A bullfrog (D:7)
  A scorpion (D:6)
  A howler monkey (D:4)
  3 wights (D:8)
  A centaur zombie (D:8)
  A crimson imp (D:8)
  6 hounds
  A bullfrog skeleton (D:6)
  An orc wizard (D:4)
  2 orc priests (D:7)
  2 centaur skeletons
  9 iguanas
  3 worker ants (D:8)
  8 gnolls
  4 adders
  2 shadow imps
  2 oozes
  An adder skeleton (D:5)
  An adder zombie (D:5)
  3 worms
  2 dart slugs
  2 leopard geckos
  16 orcs
  2 ball pythons (D:3)
  4 bats
  A giant cockroach (D:3)
  9 goblins
  12 hobgoblins
  16 jackals
  5 quokkas
  9 frilled lizards
  A jackal skeleton (D:5)
  A jackal zombie (D:7)
  25 kobolds
  A leopard gecko skeleton (D:5)
  A quokka skeleton (D:4)
  3 rats
196 creatures vanquished.

Vanquished Creatures (others)
  A crimson imp (D:6)
  An orc wizard (D:6)
  A quokka (D:8)
  4 fulminant prisms (D:8)
7 creatures vanquished.

Grand Total: 203 creatures vanquished

Notes
Turn   | Place    | Note
-------+----------+-------------------------------------------
     0 | D:1      | hurricos the Deep Elf Conjurer began the quest for the Orb.
     0 | D:1      | Reached XP level 1. HP: 10/10 MP: 6/6
   112 | D:1      | no
   120 | D:1      | Upgraded the game from 0.19.5 to 0.19.5-1-g796a6487f8
   132 | D:1      | Reached XP level 2. HP: 15/15 MP: 1/8
   269 | D:1      | You fall through a shaft!
   898 | D:2      | Reached skill level 5 in Conjurations
   966 | D:2      | Learned a level 2 spell: Searing Ray
  1121 | D:2      | Reached XP level 3. HP: 19/19 MP: 1/10
  1422 | D:2      | Reached skill level 4 in Spellcasting
  2161 | D:3      | Reached XP level 4. HP: 24/24 MP: 6/12
  2557 | D:3      | Found a faded altar of an unknown god.
  2557 | D:3      | Found a deep blue altar of Sif Muna.
  2562 | D:3      | Found a faded altar of an unknown god.
  2564 | D:3      | Found an ancient bone altar of Kikubaaqudgha.
  2565 | D:3      | Found a faded altar of an unknown god.
  2615 | D:3      | Found a shattered altar of Ashenzari.
  2714 | D:3      | Found a bloodstained altar of Trog.
  2817 | D:3      | Found a glowing golden altar of the Shining One.
  3001 | D:4      | Noticed PeterLawrence's ghost (amateur MiFi)
  3040 | D:4      | Reached skill level 5 in Spellcasting
  3119 | D:3      | Reached XP level 5. HP: 28/28 MP: 7/14
  3181 | D:3      | Learned a level 5 spell: Iskenderun's Battlesphere
  3309 | D:4      | Found an opulent altar of Gozag.
  3347 | D:4      | Noticed an ogre
  3355 | D:4      | Killed an ogre
  3420 | D:4      | Reached XP level 6. HP: 27/32 MP: 4/15
  3428 | D:4      | Reached skill level 5 in Charms
  3941 | D:4      | Found a blossoming altar of Fedhas.
  4030 | D:4      | Killed PeterLawrence's ghost
  4030 | D:4      | Reached XP level 7. HP: 36/36 MP: 6/16
  4683 | D:5      | Entered Level 5 of the Dungeon
  4743 | D:5      | Reached skill level 6 in Spellcasting
  4882 | D:5      | Noticed Eustachio
  4891 | D:5      | Killed Eustachio
  4891 | D:5      | Reached skill level 7 in Spellcasting
  4891 | D:5      | Reached XP level 8. HP: 36/41 MP: 4/20
  5045 | D:5      | Reached skill level 8 in Spellcasting
  5644 | D:6      | Found a bloodstained altar of Trog.
  5659 | D:6      | Noticed Blork the orc
  5664 | D:6      | Killed Blork the orc
  5664 | D:6      | Reached skill level 9 in Spellcasting
  5701 | D:6      | Noticed Menkaure
  5712 | D:6      | Killed Menkaure
  5763 | D:6      | Reached skill level 10 in Spellcasting
  5980 | D:6      | Noticed Pikel
  5985 | D:6      | Killed Pikel
  5985 | D:6      | Reached skill level 12 in Spellcasting
  5985 | D:6      | Reached XP level 9. HP: 45/45 MP: 16/27
  6003 | D:6      | Learned a level 3 spell: Regeneration
  6209 | D:6      | Found a snail-covered altar of Cheibriados.
  6418 | D:7      | Found a sacrificial altar of Ru.
  6771 | D:7      | Found a staircase to the Ecumenical Temple.
  6787 | Temple   | Entered the Ecumenical Temple
  6861 | Temple   | Became a worshipper of Makhleb the Destroyer
  6949 | D:7      | You fall through a shaft for 3 floors!
  6949 | D:10     | Entered Level 10 of the Dungeon
  7064 | D:9      | Reached skill level 5 in Dodging
  7386 | D:7      | Reached skill level 13 in Spellcasting
  7518 | D:8      | Learned a level 4 spell: Fulminant Prism
  7563 | D:8      | Reached skill level 1 in Hexes
  7600 | D:8      | Reached skill level 1 in Invocations
  7600 | D:8      | Reached XP level 10. HP: 50/50 MP: 12/29
  7610 | D:8      | Reached * piety under Makhleb
  7643 | D:8      | Found a staircase to the Lair.
  7821 | D:8      | Gained mutation: You are robust. (+10% HP) [mutagenic meat]
  7822 | D:8      | Gained mutation: You are resistant to electric shocks. (rElec) [mutagenic meat]
  7823 | D:8      | Gained mutation: Your magical capacity is low. (-10% MP) [mutagenic meat]
  7824 | D:8      | Gained mutation: You are somewhat resistant to further mutation. [mutagenic meat]
  7825 | D:8      | Gained mutation: You are covered in fur. (AC +1) [mutagenic meat]
  7900 | D:8      | Found a white marble altar of Elyvilon.
  8310 | D:8      | Paralysed by a hornet for 3 turns
  8315 | D:8      | Paralysed by a hornet for 3 turns
  8318 | D:8      | Mangled by a hornet

Skill      XL: |  1  2  3  4  5  6  7  8  9 10 |
---------------+-------------------------------+-----
Conjurations   | 5 7 |  7.9
Spellcasting   | 4 5 7 12 13 | 13.3
Charms         | 4 9 |  9.9
Dodging        | 5 6 |  6.2
Hexes          | 2 4 |  4.3
Invocations    | 1 2 |  2.3
Stealth        | |  2.4

Action                   |  1- 3 |  4- 6 |  7- 9 | 10-12 || total
-------------------------+-------+-------+-------+-------++-------
Melee: Unarmed           |    16 |       |       |       ||    16
       Short sword       |       |     2 |       |       ||     2
       War axe           |       |     1 |     1 |       ||     2
       Staff             |       |       |       |     6 ||     6
 Cast: Magic Dart        |   100 |    65 |   157 |    38 ||   360
       Searing Ray       |     5 |    15 |    12 |     4 ||    36
       Iskenderun's Batt |       |     3 |    31 |     7 ||    41
       Regeneration      |       |       |     5 |     4 ||     9
       Fulminant Prism   |       |       |       |     4 ||     4
Evoke: Wand              |       |       |       |     1 ||     1
  Use: Scroll            |       |     1 |    10 |     4 ||    15
       Potion            |       |       |       |     1 ||     1
  Eat: Chunk             |     3 |     6 |     7 |     5 ||    21
       Beef jerky        |       |     1 |       |       ||     1
       Fruit             |       |       |     7 |       ||     7
       Pizza             |       |       |     1 |       ||     1
       Bread ration      |       |       |     1 |     1 ||     2
Armor: Robe              |     8 |     5 |     4 |     5 ||    22
Dodge: Dodged            |    42 |    18 |    26 |    19 ||   105
